 Dungeon Crawl Stone Soup version 0.29.1-13-g9f3cf754e1 (webtiles) character file.

Game seed: 1866102899037932446

12704 cdecastro the Grappler (level 11, -12/117 HPs)
             Began as a Troll Fighter on Feb 4, 2023.
             Was a High Priest of Okawaru.
             Mangled by a skeletal warrior
             ... wielding a +0 glaive
              (21 damage)
             ... on level 10 of the Dungeon.
             The game lasted 00:26:47 (8267 turns).

cdecastro the Grappler (Troll Fighter)              Turns: 8267, Time: 00:26:48

Health: -12/117    AC: 10    Str: 28    XL:     11   Next: 65%
Magic:  16/16      EV: 10    Int:  4    God:    Okawaru [*****.]
Gold:   770        SH:  0    Dex: 11    Spells: 10/10 levels left

rFire   + . .      SeeInvis .     - Unarmed
rCold   . . .      Faith    .   (no shield)
rNeg    + . .      Spirit   .   X - +1 troll leather armour
rPois   .          Reflect  .   (helmet restricted)
rElec   .          Harm     .   U - +2 cloak
rCorr   .          Rampage  .   (gloves unavailable)
Will    .....                   (boots unavailable)
Stlth   +.........              (no amulet)
HPRegen 1.89/turn               f - ring of protection from fire
MPRegen 0.15/turn               r - ring of positive energy

@: no status effects
A: large, unfitting armour, claws 3, regeneration 1, shaggy fur 1, tough skin 1
a: Renounce Religion, Heroism, Finesse, Duel


You were on level 10 of the Dungeon.
You worshipped Okawaru.
Okawaru was extremely pleased with you.
You visited 1 branch of the dungeon, and saw 10 of its levels.

You collected 1195 gold pieces.
You spent 425 gold pieces at shops.

Inventory:

Hand Weapons
 i - a +4 mace of protection
 t - a +0 giant club
 M - a +8 war axe
Missiles
 e - 4 curare-tipped darts
 p - 9 poisoned darts (quivered)
 q - 2 atropa-tipped darts
 y - 9 datura-tipped darts
 F - 5 boomerangs
 H - 2 javelins
 Y - 2 large rocks
Armour
 b - a +0 kite shield
 U - a +2 cloak (worn)
 W - +0 acid dragon scales
 X - a +1 troll leather armour (worn)
Magical Staves
 Q - a staff of conjuration
Jewellery
 f - a ring of protection from fire (left claw)
 n - a ring of ice
 r - a ring of positive energy (right claw)
 J - a ring of fire
Wands
 l - a wand of mindburst (27)
 Z - a wand of acid (7)
Scrolls
 a - a scroll of fog
 g - 5 scrolls of enchant weapon
 h - 5 scrolls of magic mapping
 m - 8 scrolls of teleportation
 s - a scroll of immolation
 w - 2 scrolls of vulnerability
 I - 4 scrolls of summoning
 N - a scroll of poison
 S - 2 scrolls of acquirement
Potions
 c - 5 potions of might
 d - 3 potions of attraction
 j - 4 potions of haste
 u - 4 potions of brilliance
 v - 8 potions of curing
 x - 2 potions of magic
 z - a potion of heal wounds
 B - 2 potions of resistance
 C - 3 potions of flight
 D - a potion of cancellation
 G - 2 potions of invisibility
 K - 2 potions of mutation {unknown}
 R - 2 potions of ambrosia {unknown}
 V - 2 potions of berserk rage
Miscellaneous
 k - a tin of tremorstones (2/2)


   Skills:
 - Level 10.0 Fighting
 - Level 6.0 Throwing
 - Level 2.4 Dodging
 - Level 2.6 Shields
 - Level 10.0 Unarmed Combat
 * Level 8.6 Invocations


You had 10 spell levels left.
You didn't know any spells.
Your spell library contained the following spells:

 Spells                   Type           Power      Damage    Failure   Level
 Foxfire                  Conj/Fire      0%         2x1d4     54%         1
 Magic Dart               Conj           0%         1d3       54%         1
 Sandblast                Erth           0%         2d4       54%         1
 Passwall                 Tmut/Erth      0%         N/A       67%         2
 Poisonous Vapours        Pois/Air       0%         N/A       67%         2
 Frozen Ramparts          Ice            0%         1d1       88%         3
 Ignite Poison            Fire/Tmut/Pois 0%         N/A       88%         3
 Mephitic Cloud           Conj/Pois/Air  0%         N/A       88%         3
 Stone Arrow              Conj/Erth      0%         3d7       88%         3
 Airstrike                Air            0%         2d(0-16)  99%         4
 Corpse Rot               Necr/Pois/Air  0%         N/A       99%         4
 Ice Form                 Ice/Tmut       0%         N/A       99%         4
 Passage of Golubria      Tloc           0%         N/A       99%         4
 Freezing Cloud           Conj/Ice/Air   0%         6-21      100%        5
 Iskenderun's Battlesphe  Conj           0%         2d6       100%        5
 Lightning Bolt           Conj/Air       0%         1d11      100%        5
 Yara's Violent Unravell  Hex/Tmut       0%         3d3       100%        5
 Conjure Ball Lightning   Conj/Air       0%         3x3d6     100%        6
 Iron Shot                Conj/Erth      0%         9d1       100%        6
 Starburst                Conj/Fire      0%         6d3       100%        6
 Discord                  Hex            0%         N/A       100%        8
 Disjunction              Tloc           0%         N/A       100%        8
 Call Imp                 Summ           Unusable   N/A       N/A         2
 Tukima's Dance           Hex            Unusable   N/A       N/A         3
 Summon Ice Beast         Ice/Summ       Unusable   N/A       N/A         4
 Summon Lightning Spire   Summ/Air       Unusable   N/A       N/A         4
 Spellforged Servitor     Conj/Summ      Unusable   N/A       N/A         7

Dungeon Overview and Level Annotations

Branches:
Dungeon (10/15)            Temple (0/1) D:5             Orc (0/2) D:9
   Lair: D:8-11

Altars:
Ashenzari
Dithmenos
Fedhas
Gozag
Kikubaaqudgha
Makhleb
Nemelex Xobeh
Okawaru
Qazlal
Trog
Uskayaw
Vehumet
Wu Jian
Xom
Yredelemnul
The Shining One

Shops:
D:3 (   D:4 [   D:8 (*(*


Innate Abilities, Weirdness & Mutations

You are too large for most types of armour.
You have claws for hands.
Your natural rate of healing is unusually fast.
You are covered in fur. (AC +1)
You have tough skin. (AC +1)


Message History

A skeletal warrior is nearby!
A skeletal warrior is nearby!
A skeletal warrior is nearby!
The skeletal warrior hits you with a +0 glaive.
You claw the skeletal warrior!
The skeletal warrior is moderately damaged.
The skeletal warrior hits you with a +0 glaive!!
You scratch the skeletal warrior but do no damage.
Your claw misses the skeletal warrior.
The skeletal warrior is moderately damaged.
The skeletal warrior hits you with a +0 glaive!!
You scratch the skeletal warrior but do no damage.
The skeletal warrior is moderately damaged.
The skeletal warrior hits you but does no damage.
You claw the skeletal warrior!
The skeletal warrior is heavily damaged.
The skeletal warrior hits you with a +0 glaive!
You scratch the skeletal warrior.
The skeletal warrior is heavily damaged.
You scratch the skeletal warrior but do no damage.
The skeletal warrior is heavily damaged.
The skeletal warrior hits you with a +0 glaive!!
* * * LOW HITPOINT WARNING * * *
You closely miss the skeletal warrior.
The skeletal warrior is heavily damaged.
The skeletal warrior hits you with a +0 glaive!!
* * * LOW HITPOINT WARNING * * *
You claw the skeletal warrior!
The skeletal warrior is severely damaged.
The skeletal warrior hits you with a +0 glaive!!
* * * LOW HITPOINT WARNING * * *
You scratch the skeletal warrior.
The skeletal warrior is severely damaged.
The skeletal warrior barely misses you.
You claw the skeletal warrior!
The skeletal warrior is almost destroyed.
You barely miss the skeletal warrior.
The skeletal warrior is almost destroyed.
The skeletal warrior hits you with a +0 glaive!!
You die...

###..###.#####
#....# #....#
#.#..###.##.#
#.#......##.#
#..#.#.####.##
#.#.##....[...
#.#.##.####.##
#######.#<##<.......
#..@z.....##.####.#.
#)#####........#####
##.#######.##.###
#.............#
#..#.......#..#
#........#....#
#.............'
#...>....#.##.#
#......###.##.#


You could see a skeletal warrior.

Vanquished Creatures
  A boulder beetle (D:8)
  Erica (D:8)
  5 two-headed ogres
  A manticore (D:10)
  2 unseen horrors (D:10)
  3 trolls (D:9)
  A slime creature (D:8)
  A hornet (D:8)
  A wraith (D:10)
  10 yaks
  2 wyverns
  A vampire mosquito (D:10)
  A warg (D:9)
  An acid dragon (D:9)
  A water moccasin (D:8)
  6 orc warriors (D:9)
  An ice beast (D:8)
  An ogre (D:5)
  3 centaurs
  2 kobold brigands (D:8)
  2 gnoll sergeants
  4 necrophages
  5 bullfrogs
  3 scorpions
  12 wights
  6 killer bees
  7 howler monkeys
  7 hounds
  4 orc priests
  3 jellies (D:6)
  A gnoll bouda (D:5)
  11 orc wizards
  Natasha (thrice) (D:2)
  4 iguanas
  5 adders
  14 gnolls
  A shadow imp (D:8)
  4 white imps
  An ufetubus (D:5)
  2 worms (D:2)
  5 dart slugs
  20 orcs
  8 ball pythons
  6 endoplasms
  3 giant cockroaches
  7 goblins
  12 hobgoblins
  10 jackals
  10 kobolds
  7 quokkas
  6 bats
  3 frilled lizards
  8 rats
249 creatures vanquished.

Vanquished Creatures (others)
  2 fungi (D:8)
2 creatures vanquished.

Grand Total: 251 creatures vanquished

Notes
Turn   | Place    | Note
-------+----------+-------------------------------------------
     0 | D:1      | cdecastro the Troll Fighter began the quest for the Orb.
     0 | D:1      | Reached XP level 1. HP: 22/22 MP: 0/0
    50 | D:1      | Reached XP level 2. HP: 29/29 MP: 1/1
   229 | D:1      | Reached XP level 3. HP: 34/36 MP: 2/2
   769 | D:2      | Found an iron altar of Okawaru.
   781 | D:2      | Noticed Natasha
   785 | D:2      | Killed Natasha
   786 | D:2      | Reached XP level 4. HP: 41/44 MP: 3/3
   804 | D:2      | Became a worshipper of Warmaster Okawaru
   961 | D:2      | Noticed Natasha
   970 | D:2      | Killed Natasha
   974 | D:2      | Reached skill level 5 in Unarmed Combat
  1391 | D:2      | Reached XP level 5. HP: 50/50 MP: 4/4
  1499 | D:2      | Noticed Natasha
  1519 | D:2      | Killed Natasha
  2020 | D:3      | Found Qeiqou Duog's Antique Weapon Shop.
  2463 | D:4      | Reached XP level 6. HP: 51/59 MP: 5/5
  2843 | D:4      | Found a glowing golden altar of the Shining One.
  3067 | D:4      | Found Piliam's Armour Shoppe.
  3113 | D:5      | Entered Level 5 of the Dungeon
  3121 | D:5      | Reached * piety under Okawaru
  3247 | D:5      | Found a staircase to the Ecumenical Temple.
  3263 | D:5      | Reached XP level 7. HP: 57/66 MP: 6/6
  3336 | D:5      | Reached skill level 1 in Invocations
  3409 | D:5      | HP: 2/66 [orc/+0 dagger (3)]
  3414 | D:5      | You fall into a shaft and drop 2 floors!
  3750 | D:5      | Reached ** piety under Okawaru
  3751 | D:5      | Reached XP level 8. HP: 41/74 MP: 9/9
  4041 | D:6      | Found a stormy altar of Qazlal.
  4197 | D:6      | Reached skill level 10 in Unarmed Combat
  4273 | D:6      | Found a blossoming altar of Fedhas.
  4343 | D:6      | Found an opulent altar of Gozag.
  4343 | D:6      | Found a sparkling altar of Nemelex Xobeh.
  4555 | D:7      | Reached skill level 1 in Throwing
  4676 | D:7      | Reached *** piety under Okawaru
  4817 | D:7      | Reached XP level 9. HP: 80/84 MP: 10/10
  4956 | D:8      | Reached skill level 5 in Fighting
  5105 | D:8      | Found a basalt altar of Yredelemnul.
  5113 | D:8      | Found a radiant altar of Vehumet.
  5131 | D:8      | Found Ohimioh's Antique Weapon Boutique.
  5131 | D:8      | Found Faur's Assorted Antiques.
  5131 | D:8      | Found Usook's Assorted Antiques.
  5132 | D:8      | Found Vuileina's Weapon Boutique.
  5138 | D:8      | Bought a bubbling sapphire potion for 25 gold pieces
  5138 | D:8      | Bought a scroll labelled BIRISI CEEPLUPOVI for 28 gold
                  | pieces
  5138 | D:8      | Bought a scroll labelled ASOUTUM TUUNI for 28 gold pieces
  5138 | D:8      | Bought a puce potion for 25 gold pieces
  5217 | D:4      | Bought a +2 cloak for 165 gold pieces
  5308 | D:8      | Bought a scroll labelled UQUTOV MEFA for 22 gold pieces
  5317 | D:8      | Found an ornate altar of the Wu Jian Council.
  5365 | D:8      | Noticed Erica
  5405 | D:8      | Noticed a boulder beetle
  5412 | D:8      | Reached **** piety under Okawaru
  5421 | D:8      | Killed a boulder beetle
  5421 | D:8      | Reached ***** piety under Okawaru
  5491 | D:8      | Reached XP level 10. HP: 101/105 MP: 11/11
  5922 | D:9      | Received a gift from Okawaru
  6126 | D:9      | Received a gift from Okawaru
  6127 | D:9      | Reached skill level 10 in Fighting
  6198 | D:9      | Found a staircase to the Orcish Mines.
  6282 | D:9      | Received a gift from Okawaru
  6471 | D:9      | Found a hide-covered altar of Uskayaw.
  6472 | D:9      | Noticed a two-headed ogre
  6487 | D:9      | Killed a two-headed ogre
  6488 | D:9      | Reached skill level 5 in Invocations
  6652 | D:9      | Noticed a two-headed ogre
  6674 | D:9      | Killed a two-headed ogre
  6677 | D:9      | Reached XP level 11. HP: 56/117 MP: 12/14
  6809 | D:9      | Got the Octavo of Incandescence
  6930 | D:9      | Received a gift from Okawaru
  6983 | D:9      | Found a broken altar of Ashenzari.
  6983 | D:9      | Found a bloodstained altar of Trog.
  7071 | D:9      | Found a shimmering altar of Xom.
  7084 | D:9      | Found a burning altar of Makhleb.
  7088 | D:9      | Found a shadowy altar of Dithmenos.
  7088 | D:9      | Found an ancient bone altar of Kikubaaqudgha.
  7169 | D:10     | Entered Level 10 of the Dungeon
  7321 | D:10     | Reached skill level 5 in Throwing
  7391 | D:10     | Noticed a two-headed ogre
  7397 | D:10     | Killed a two-headed ogre
  7397 | D:10     | Received a gift from Okawaru
  7624 | D:10     | Noticed a two-headed ogre
  7626 | D:10     | Noticed a two-headed ogre
  7636 | D:10     | Killed a two-headed ogre
  7636 | D:10     | Received a gift from Okawaru
  7644 | D:10     | Killed a two-headed ogre
  7690 | D:10     | Noticed a wizard
  7692 | D:10     | Noticed a skeletal warrior
  7693 | D:10     | Noticed a centaur warrior
  7747 | D:8      | Bought a scroll labelled GICRAE SAIHY for 22 gold pieces
  7747 | D:8      | Bought 2 scrolls labelled BIRISI CEEPLUPOVI for 44 gold
                  | pieces
  7747 | D:8      | Bought a scroll labelled QIXTEIH VYUCHO for 22 gold pieces
  7747 | D:8      | Bought a scroll labelled SAURCH WOGEWECVE for 22 gold
                  | pieces
  7747 | D:8      | Bought a scroll labelled MAUHYO COQIHUU for 22 gold pieces
  7816 | D:7      | Acquired 640 gold pieces
  8125 | D:8      | Killed Erica
  8264 | D:10     | HP: 5/117 [skeletal warrior/+0 glaive (30)]
  8267 | D:10     | Mangled by a skeletal warrior

Illustrated notes

Levels and vault maps discovered:
D:1:      ebering_trefoil_twist, layout_basic,
          hangedman_abyss_or_decor_lesser_grid, minmay_fountain_box,
          minmay_circled_x
D:2:      layout_basic, basic_altar, minmay_octomino_j4, uniq_natasha
D:3:      layout_basic, serial_shops, nicolae_square_shop, grunt_decor_fettered,
          kennysheep_cross_bottleneck
D:4:      layout_loops_ring, nicolae_tso_carved_into_rock, serial_shops,
          nicolae_square_shop
D:5:      layout_cave_pools, minmay_temple_entry_grid
D:6:      layout_cave_pools, grunt_temple_overflow_opulence, kennysheep_mini,
          lemuel_crystal_altar
D:7:      layout_basic
D:8:      minmay_ornate_pinched, layout_loops_cross,
          pdpol_wu_jian_five_deadly_venoms, mainiacjoe_overflow_big_doors,
          minmay_shop_grid_forest, st_stairs_3, uniq_erica
D:9:      layout_roguey, old_standard_altar,
          mainiacjoe_overflow_small_starburst,
          gammafunk_temple_overflow_forgotten, amethyst_overflow_temple_binary,
          david_orc_3, minmay_joined_circles
D:10:     hangedman_cross_veins, layout_loops_ring

Skill      XL: |  1  2  3  4  5  6  7  8  9 10 11 |
---------------+----------------------------------+-----
Unarmed Combat | 3 4 5 6 7 8 10 | 10.0
Invocations    | 3 6 8 |  8.6
Throwing       | 3 6 |  6.0
Fighting       | 4 8 10 | 10.0
Dodging        | |  2.4
Shields        | |  2.6

Action                   |  1- 3 |  4- 6 |  7- 9 | 10-12 || total
-------------------------+-------+-------+-------+-------++-------
Melee: Unarmed           |   114 |   182 |   228 |   267 ||   791
       Punch             |     1 |     6 |     8 |    13 ||    28
Throw: Dart              |       |       |     1 |       ||     1
Invok: Heroism           |       |       |       |     5 ||     5
Evoke: Wand              |       |       |       |     3 ||     3
  Use: Scroll            |       |     5 |     1 |    22 ||    28
       Potion            |       |       |     1 |     1 ||     2
 Stab: Sleeping          |       |     1 |       |       ||     1
Armor: Robe              |    41 |    35 |    48 |    24 ||   148
       Acid dragon scale |       |       |       |    25 ||    25
       Troll leather arm |       |       |       |    47 ||    47
Dodge: Dodged            |    63 |    99 |    94 |   103 ||   359
